[Event "Kvibergspelen September 2019"]
[Site "Prioritet Serneke Arena, Krutvagen 2, Gothenburg, Sweden"]
[Date "2019.09.28"]
[Round "5.8"]
[White "Ernst, Thomas"]
[Black "Rasti, Arvin"]
[Result "1/2-1/2"]
[TimeControl "15 minutes + 5 seconds per move from move one (Round 1 - 4) / 90 minutes + 30 seconds per move from move one (Round 5 - 8)"]
[WhiteTitle "GM"]
[WhiteFideId "1700065"]
[BlackFideId "1741160"]
[WhiteElo "2328"]
[BlackElo "2182"]

1. e4 c5 2. Nf3 d6 3. d4 cxd4 4. Nxd4 Nf6 5. Nc3 g6 6. Be3 Bg7 7. f3 O-O 8. Qd2 Nc6 9. Bc4 Bd7 10.
h4 h5 11. O-O-O Rc8 12. Bb3 Ne5 13. Bg5 Rc5 14. Kb1 Nc4 15. Qe2 Na3+ 16. Kc1 Rxc3 17. bxc3 e5 18. Kb2 Qa5 19. Bd2 Qc5 20.
Qd3 Rc8 21. Ne2 Bb5 22. Be3 Bxd3 23. Bxc5 Bxe2 24. Bxa3 Bxd1 25. Rxd1 Ne8 26. Ba4 Bf8 27. Bxe8 Rxe8 28. c4 b6 29.
Bb4 Rc8 30. Kb3 Be7 31. Rd5 Rc6 32. Be1 Kf8 33. a4 Rc5 34. Bf2 Rxd5 35. cxd5 Bd8 36. Kb4 a6 37. c4 Ke8 38. g3 Kd7 39.
a5 bxa5+ 40. Ka4 Kc8 41. c5 dxc5 42. Bxc5 Kb7 43. Bd6 Bc7 44. Bxc7 Kxc7 45. Kxa5 Kb7 46. d6 Kc6 47. Kxa6 Kxd6 48.
Kb6 f5 49. Kb5 f4 50. gxf4 exf4 51. Kc4 Ke5 52. Kd3 Kf6 53. Kd4 Ke6 54. Kd3 Kf6 55. Kd4 Ke6 56. e5 g5 57. Ke4 gxh4 58. Kxf4 h3 59. Kg3 Kxe5 60.
Kxh3 1/2-1/2

[Event "Kvibergspelen September 2019"]
[Site "Prioritet Serneke Arena, Krutvagen 2, Gothenburg, Sweden"]
[Date "2019.09.28"]
[Round "5.9"]
[White "Svensson, Mikael"]
[Black "Sorensen, Hampus"]
[Result "0-1"]
[TimeControl "15 minutes + 5 seconds per move from move one (Round 1 - 4) / 90 minutes + 30 seconds per move from move one (Round 5 - 8)"]
[BlackTitle "FM"]
[WhiteFideId "1716433"]
[BlackFideId "8703884"]
[WhiteElo "2163"]
[BlackElo "2319"]

1. d4 d5 2. c4 c6 3. Nf3 Nf6 4. e3 a6 5. Nc3 e6 6. b3 Bb4 7. Bd2 Nbd7 8. Bd3 O-O 9. O-O Bd6 10.
Qc2 Qe7 11. e4 dxc4 12. Bxc4 e5 13. d5 Nc5 14. b4 Ncd7 15. a3 Nb6 16. Bb3 cxd5 17. exd5 Bg4 18. Ng5 Rac8 19. Qd3 Nbd7 20.
Rfe1 h6 21. Nge4 Bf5 22. Qf3 Bxe4 23. Nxe4 Nxe4 24. Qxe4 f5 25. Qe3 Nf6 26. Bc3 Ng4 27. Qd2 Qh4 28. h3 Nxf2 29. Bxe5 Bxe5 30.
d6+ Kh8 31. Rxe5 Nxh3+ 32. Kf1 Ng5 33. Qf2 Qh2 34. Qd4 Ne4 35. d7 Rcd8 36. Rd1 Qh1+ 37. Qg1 Ng3+ 38. Kf2 Qh4 39. Qe1 Qh2 40.
Re7 Ne4+ 41. Ke3 Qxg2 42. Qg1 Qh3+ 43. Kd4 Qc3+ 44. Kd5 Qxb3+ 45. Ke5 Ng5 0-1

[Event "Kvibergspelen September 2019"]
[Site "Prioritet Serneke Arena, Krutvagen 2, Gothenburg, Sweden"]
[Date "2019.09.28"]
[Round "5.10"]
[White "Ziegler, Ari"]
[Black "Ask, Josef"]
[Result "1-0"]
[TimeControl "15 minutes + 5 seconds per move from move one (Round 1 - 4) / 90 minutes + 30 seconds per move from move one (Round 5 - 8)"]
[WhiteTitle "IM"]
[BlackTitle "FM"]
[WhiteFideId "1700987"]
[BlackFideId "1704583"]
[WhiteElo "2299"]
[BlackElo "2160"]

1. b3 Nf6 2. Bb2 g6 3. e3 Bg7 4. Be2 c5 5. f4 Nc6 6.
Nf3 O-O 7. O-O b6 8. Qe1 Bb7 9. Qh4 d5 10. d3 e6 11. Nbd2 Nd7 12. Qxd8 Raxd8 13. Bxg7 Kxg7 14. a3 e5 15.
f5 Nf6 16. fxg6 hxg6 17. Ng5 a5 18. Rf2 Rd6 19. Raf1 Nd8 20. e4 dxe4 21. Nc4 e3 22. Rxf6 Rxf6 23. Rxf6 Kxf6 24. Nh7+ Kg7 25.
Nxf8 Kxf8 26. Nxb6 Ne6 27. Kf1 f6 28. Nc4 Nd4 29. Nxe3 Bc6 30. a4 Ke7 31. Bd1 f5 32. Nc4 Kf6 33.
Nxa5 Bd5 34. c3 Ne6 35. g3 g5 36. b4 cxb4 37. cxb4 e4 38. dxe4 fxe4 39. h4 gxh4 40. gxh4 Nf4 41.
b5 Nd3 42. b6 Nc5 43. Kf2 1-0

[Event "Kvibergspelen September 2019"]
[Site "Prioritet Serneke Arena, Krutvagen 2, Gothenburg, Sweden"]
[Date "2019.09.28"]
[Round "5.11"]
[White "Muntean, Victor"]
[Black "Storme, Isak"]
[Result "1/2-1/2"]
[TimeControl "15 minutes + 5 seconds per move from move one (Round 1 - 4) / 90 minutes + 30 seconds per move from move one (Round 5 - 8)"]
[BlackTitle "FM"]
[WhiteFideId "1054414"]
[BlackFideId "1728113"]
[WhiteElo "2020"]
[BlackElo "2272"]

1. e4 e6 2. d4 d5 3. e5 c5 4. c3 Nc6 5. Nf3 Bd7 6. a3 f6 7. Bf4 Nh6 8. exf6 Qxf6 9. Bg5 Qf7 10.
dxc5 Bxc5 11. Bxh6 gxh6 12. b4 Bb6 13. c4 dxc4 14. Bxc4 Ne5 15. Nbd2 Bc6 16. Qe2 Ng6 17. Bxe6 Qe7 18.
O-O Kf8 19. Rfe1 Qf6 20. b5 Nf4 21. Qc4 Bxf3 22. Nxf3 Re8 23. Bd7 Re2 24. Kh1 Bxf2 25. Rf1 Rg8 26. Ra2 Rxa2 27. Qxa2 Be3 28.
g3 Rg7 29. Qb3 Rxd7 30. Qxe3 Nd5 31. Qe2 Rf7 32. Qd3 Qf5 33. Qd4 Kg8 34. Nd2 Qe6 35. Rxf7 Kxf7 36. Nf3 Qf5 37. Kg2 Qc2+ 38.
Kh3 Qf5+ 39. Kg2 b6 40. Ne5+ Ke6 41. Nc6 Qc2+ 42. Kh3 Qf5+ 43. Kg2 a6 44. a4 axb5 45. axb5 h5 46. h4 Qc2+ 47.
Kh3 Qf5+ 48. Kg2 Kd6 49. Kh2 Qg4 50. Qe5+ Kc5 51. Ne7 Qd4 52. Qe2 Qe3 53. Qc2+ Nc3 54. Qf5+ Kb4 55. Nc6+ Ka4 56.
Qxh5 Ne2 57. Qg4+ Kxb5 58. Na7+ Kc5 59. Qf5+ Kc4 60. Qc2+ Nc3 61. Qxh7 Qe2+ 62. Kh3 Qe6+ 63. Kh2 Qe2+ 64.
Kh3 Ne4 65. Qc7+ Kd3 66. Qd8+ Ke3 67. Qxb6+ Kf3 68. Qb3+ Kf2 69. Qb6+ Kf3 70. Qb3+ Kf2 71. Qb6+ 1/2-1/2

[Event "Kvibergspelen September 2019"]
[Site "Prioritet Serneke Arena, Krutvagen 2, Gothenburg, Sweden"]
[Date "2019.09.28"]
[Round "5.12"]
[White "Trost, Edvin"]
[Black "Petersson, Baldur Teodor"]
[Result "0-1"]
[TimeControl "15 minutes + 5 seconds per move from move one (Round 1 - 4) / 90 minutes + 30 seconds per move from move one (Round 5 - 8)"]
[BlackTitle "CM"]
[WhiteFideId "1729519"]
[BlackFideId "2309157"]
[WhiteElo "1982"]
[BlackElo "2238"]

1. e4 e6 2. d4 d5 3. Nc3 Bb4 4. e5 Qd7 5. f4 b6 6. a3 Bxc3+ 7. bxc3 Ba6 8. Bd3 Qa4 9. Nf3 Ne7 10.
O-O c5 11. dxc5 bxc5 12. Be3 Nd7 13. g4 g6 14. h3 h5 15. Rb1 Rc8 16. Ng5 hxg4 17. hxg4 Nb6 18. Kf2 d4 19. Bd2 Bxd3 20.
cxd3 dxc3 21. Qxa4+ Nxa4 22. Be3 Rh2+ 23. Kg3 Rb2 24. Ne4 Rcb8 25. Rbc1 Nd5 26. Kf3 Rh2 27. Rh1 Rbb2 28. Rxh2 Rxh2 29.
Kg3 Ra2 30. Nxc5 Rxa3 31. Bd4 Nxc5 32. Bxc5 Ra4 33. d4 a5 34. Kf3 Ra2 35. Ke4 Rf2 36. f5 gxf5+ 37. gxf5 Rxf5 38.
Kd3 Rf2 39. Kc4 Rb2 40. Ba3 Rb7 41. Bc5 Kd7 42. Ra1 c2 43. Ba3 Rb1 44. Ra2 Nb4 45. Kc3 c1=Q+ 46. Bxc1 Nxa2+ 47. Kd3 Rxc1 48.
d5 Nb4+ 49. Ke4 exd5+ 50. Kf5 Rf1+ 51. Kg5 Ke6 52. Kh4 Rg1 53. Kh3 Kxe5 54. Kh2 Rg6 55. Kh3 Kf4 56. Kh2 Kf3 57. Kh1 Kf2 0-1

[Event "Kvibergspelen September 2019"]
[Site "Prioritet Serneke Arena, Krutvagen 2, Gothenburg, Sweden"]
[Date "2019.09.28"]
[Round "5.13"]
[White "Frisk, Ellinor"]
[Black "Harren, Mats"]
[Result "1-0"]
[TimeControl "15 minutes + 5 seconds per move from move one (Round 1 - 4) / 90 minutes + 30 seconds per move from move one (Round 5 - 8)"]
[WhiteTitle "WIM"]
[WhiteFideId "1708481"]
[BlackFideId "1703943"]
[WhiteElo "2227"]
[BlackElo "2113"]

1. Nf3 Nf6 2. c4 e6 3. g3 a6 4. Bg2 b5 5. Nd4 d5 6. cxb5 axb5 7. Nxb5 e5 8. O-O h5 9. d4 c6 10.
dxe5 Ng4 11. Nd6+ Bxd6 12. exd6 h4 13. Qd4 hxg3 14. hxg3 Kf8 15. Bf4 Nd7 16. Nc3 f6 17. f3 Nge5 18.
e4 g5 19. Be3 Ba6 20. Rfd1 Qe8 21. exd5 c5 22. Qe4 Qf7 23. Qf5 Re8 24. Ne4 Nd3 25. Bh3 Bc8 26. Nxg5 fxg5 27. Qxf7+ Kxf7 28.
Be6+ Rxe6 29. dxe6+ Kxe6 30. Rxd3 Ne5 31. Rdd1 Nxf3+ 32. Kf2 Bb7 33. Bxc5 Rh2+ 34. Ke3 Ne5 35. b4 Bd5 36. Rxd5 Kxd5 37.
Rd1+ Kc6 38. a4 Rg2 39. Ke4 Nd7 40. Rc1 Ra2 41. b5+ Kb7 42. Bd4 Nf8 43. Rc7+ Kb8 44. Re7 g4 45. Re8+ Kb7 46.
Rxf8 Re2+ 47. Be3 Rf2 48. Rxf2 1-0

[Event "Kvibergspelen September 2019"]
[Site "Prioritet Serneke Arena, Krutvagen 2, Gothenburg, Sweden"]
[Date "2019.09.28"]
[Round "5.14"]
[White "Wengholm, Anders"]
[Black "Lyngsjo, Hakan"]
[Result "1-0"]
[TimeControl "15 minutes + 5 seconds per move from move one (Round 1 - 4) / 90 minutes + 30 seconds per move from move one (Round 5 - 8)"]
[WhiteFideId "1704818"]
[BlackFideId "1701649"]
[WhiteElo "2218"]
[BlackElo "2031"]

1. c4 g6 2. e4 e5 3. Nc3 Nf6 4. g3 Nc6 5. Bg2 d6 6. Nge2 Bg4 7. f3 Be6 8. Nd5 Nd4 9. Nxd4 exd4 10.
d3 c6 11. Nf4 Qd7 12. O-O Bg7 13. h3 h6 14. Kh2 g5 15. Ne2 Nh5 16. Ng1 f5 17. f4 Nf6 18. exf5 Bxf5 19. Qe2+ Kd8 20.
fxg5 hxg5 21. Bxg5 Kc7 22. Bxf6 Bxf6 23. Qf3 Be5 24. Qxf5 Qg7 25. Qf7+ 1-0

[Event "Kvibergspelen September 2019"]
[Site "Prioritet Serneke Arena, Krutvagen 2, Gothenburg, Sweden"]
[Date "2019.09.28"]
[Round "5.15"]
[White "Malmstig, Erik"]
[Black "Andersson, Lars"]
[Result "0-1"]
[TimeControl "15 minutes + 5 seconds per move from move one (Round 1 - 4) / 90 minutes + 30 seconds per move from move one (Round 5 - 8)"]
[WhiteTitle "FM"]
[WhiteFideId "1702866"]
[BlackFideId "1706772"]
[WhiteElo "2257"]
[BlackElo "2029"]

1. d4 Nf6 2. c4 g6 3. Nc3 Bg7 4. e4 d6 5. Nge2 O-O 6. Ng3 e5 7. d5 c6 8. Be2 h5 9. Bg5 Qb6 10.
O-O cxd5 11. Na4 Qc7 12. cxd5 Nh7 13. Rc1 Qd7 14. Be3 h4 15. Nh1 h3 16. g3 f5 17. exf5 gxf5 18. f4 Bh6 19.
Nc3 Qe7 20. Qd2 Bd7 21. Nf2 Na6 22. Nxh3 Nc5 23. fxe5 Bxe3+ 24. Qxe3 dxe5 25. d6 Qxd6 26. Rfd1 f4 27. Qf2 Qf6 28.
Qxc5 Bxh3 29. Rd6 Qg7 30. Bd3 Bf5 31. Qd5+ Kh8 32. Bxf5 Rxf5 33. Rd7 Qg6 34. Ne4 Raf8 35. Rxb7 fxg3 36.
Nxg3 Ng5 37. Kh1 Nh3 38. Qc4 Nf2+ 39. Kg2 Ng4 40. Kg1 Qg5 41. Re1 Qd2 42. Re2 Qd1+ 43. Kg2 Rf2+ 44. Kh3 Rxe2 45.
Qxe2 Nf2+ 46. Kh4 Qd8+ 47. Kh5 Qe8+ 48. Kg5 Rg8+ 49. Kf5 Qg6+ 0-1

[Event "Kvibergspelen September 2019"]
[Site "Prioritet Serneke Arena, Krutvagen 2, Gothenburg, Sweden"]
[Date "2019.09.28"]
[Round "5.16"]
[White "Sidorchuk, Dmitry"]
[Black "Karlsson, Jorgen"]
[Result "1-0"]
[TimeControl "15 minutes + 5 seconds per move from move one (Round 1 - 4) / 90 minutes + 30 seconds per move from move one (Round 5 - 8)"]
[WhiteFideId "14110903"]
[BlackFideId "1711679"]
[WhiteElo "2266"]
[BlackElo "2088"]

1. d4 g6 2. c4 Bg7 3. Nf3 d6 4. Nc3 Nf6 5. e4 O-O 6. Be2 Bg4 7. Ng1 Bd7 8. Be3 e5 9. d5 Ne8 10.
g4 f5 11. h4 f4 12. Bd2 h6 13. h5 Qf6 14. Qb3 b6 15. O-O-O a5 16. hxg6 Qxg6 17. Nf3 Na6 18. Rdg1 Nc5 19.
Qc2 Nf6 20. g5 hxg5 21. Rxg5 Qe8 22. Rhg1 Rf7 23. Nh4 a4 24. Kb1 Qc8 25. Be1 c6 26. f3 Ra7 27. Bf1 cxd5 28. cxd5 a3 29.
Bb5 axb2 30. Bxd7 Rfxd7 31. Nf5 Ne8 32. Qh2 Qa6 33. Rh1 Qd3+ 34. Kxb2 Kf8 35. Rh5 Nf6 1-0

[Event "Kvibergspelen September 2019"]
[Site "Prioritet Serneke Arena, Krutvagen 2, Gothenburg, Sweden"]
[Date "2019.09.28"]
[Round "5.17"]
[White "Crevatin, Leo"]
[Black "Fransson, Lennart"]
[Result "1-0"]
[TimeControl "15 minutes + 5 seconds per move from move one (Round 1 - 4) / 90 minutes + 30 seconds per move from move one (Round 5 - 8)"]
[WhiteTitle "CM"]
[WhiteFideId "1726307"]
[BlackFideId "1706756"]
[WhiteElo "2235"]
[BlackElo "2008"]

1. d4 Nf6 2. c4 c5 3. d5 d6 4. Nc3 g6 5. e4 Bg7 6. Nge2 O-O 7. Ng3 Na6 8. Be2 Bd7 9. O-O Nc7 10. Bf4 Rb8 11. e5 Nfe8 12.
exd6 exd6 13. Nge4 Bc8 14. Qd2 f5 15. Ng3 Bd7 16. Rae1 h5 17. Bd3 Bf6 18. Bh6 Rf7 19. Nge2 b5 20.
Nf4 bxc4 21. Bxc4 Bg5 22. Bxg5 Qxg5 23. Re3 h4 24. Rfe1 Qf6 25. Ne6 Na8 26. Nxc5 dxc5 27. d6 Nb6 28.
Bxf7+ Qxf7 29. Re7 Qf6 30. Qe3 Nxd6 31. Qxc5 Rc8 32. Nd5 Qxb2 33. Qxd6 1-0

[Event "Kvibergspelen September 2019"]
[Site "Prioritet Serneke Arena, Krutvagen 2, Gothenburg, Sweden"]
[Date "2019.09.28"]
[Round "5.18"]
[White "Cramling, Anna"]
[Black "Sjoberg, Isak"]
[Result "0-1"]
[TimeControl "15 minutes + 5 seconds per move from move one (Round 1 - 4) / 90 minutes + 30 seconds per move from move one (Round 5 - 8)"]
[WhiteTitle "WFM"]
[WhiteFideId "32009232"]
[BlackFideId "1521640"]
[WhiteElo "2151"]
[BlackElo "2231"]

1. d4 Nf6 2. c4 e6 3. Nc3 c5 4. d5 exd5 5. cxd5 d6 6. e4 g6 7. f4 Bg7 8. Bb5+ Nfd7 9. Be2 O-O 10.
Nf3 Na6 11. O-O Nc7 12. a4 Re8 13. Qc2 b6 14. Nb5 Nxb5 15. axb5 Nf6 16. Bd3 Bd7 17. Bd2 Qc8 18. Rfc1 Re7 19.
Ra6 Qe8 20. Qa4 Nxe4 21. Be1 Bxb2 22. Rc2 Bd4+ 23. Nxd4 cxd4 24. Bh4 Nc3 25. Qxd4 Ne2+ 26. Bxe2 Rxe2 27. Rxe2 Qxe2 28. Ra1 Qxb5 29.
Bf2 Re8 30. Qf6 Qb4 31. Rf1 Re4 32. g3 Bh3 33. Rd1 Qb3 34. Qd8+ Kg7 35. Bd4+ Rxd4 36. Rxd4 Qe3+ 0-1

[Event "Kvibergspelen September 2019"]
[Site "Prioritet Serneke Arena, Krutvagen 2, Gothenburg, Sweden"]
[Date "2019.09.28"]
[Round "5.19"]
[White "Bjorkeroth, Johan"]
[Black "Torngren, Gustav"]
[Result "0-1"]
[TimeControl "15 minutes + 5 seconds per move from move one (Round 1 - 4) / 90 minutes + 30 seconds per move from move one (Round 5 - 8)"]
[BlackTitle "CM"]
[WhiteFideId "1719106"]
[BlackFideId "1728970"]
[WhiteElo "2147"]
[BlackElo "2227"]

1. e4 c5 2. Nc3 Nc6 3. g3 g6 4. Bg2 Bg7 5. d3 d6 6. Nge2 e6 7. O-O Nge7 8. Be3 Nd4 9. Qd2 h5 10.
h3 O-O 11. Nd1 b6 12. Nc1 Ba6 13. c3 Ndc6 14. Bh6 d5 15. Bxg7 Kxg7 16. exd5 Nxd5 17. Ne3 Nde7 18. Rd1 Qd6 19.
Ne2 Rad8 20. Nf4 Rd7 21. Qe2 Rfd8 22. Nc4 Bxc4 23. dxc4 Qxd1+ 24. Rxd1 Rxd1+ 25. Kh2 R1d2 26. Qe3 Rxb2 27.
g4 hxg4 28. hxg4 Rdd2 29. Nd3 Rxa2 30. g5 Kg8 31. Bxc6 Nxc6 32. Qf3 Rac2 33. Qxc6 Rxd3 34. Qc8+ Kg7 35. Kg1 Rd1+ 36. Kg2 Rdd2 37.
Qc7 Rxf2+ 38. Kg1 Rfd2 39. Qe5+ Kh7 40. Qe1 Rg2+ 41. Kh1 Rh2+ 42. Kg1 Rcg2+ 0-1

[Event "Kvibergspelen September 2019"]
[Site "Prioritet Serneke Arena, Krutvagen 2, Gothenburg, Sweden"]
[Date "2019.09.28"]
[Round "5.20"]
[White "Jaksland, Tim"]
[Black "Persson, Ulf"]
[Result "1-0"]
[TimeControl "15 minutes + 5 seconds per move from move one (Round 1 - 4) / 90 minutes + 30 seconds per move from move one (Round 5 - 8)"]
[WhiteTitle "FM"]
[WhiteFideId "1401084"]
[BlackFideId "1726854"]
[WhiteElo "2214"]
[BlackElo "1991"]

1. Nf3 Nf6 2. c4 e6 3. g3 d5 4. Bg2 c6 5. O-O Be7 6. d4 Ne4 7. Nfd2 f5 8. Qc2 O-O 9. b3 Nd7 10.
Bb2 Ndf6 11. f3 Nxd2 12. Nxd2 Qe8 13. Rae1 f4 14. gxf4 Qh5 15. e4 Bd8 16. Ba3 Bb6 17. Bxf8 Bxd4+ 18. Kh1 Kxf8 19. e5 Ne8 20. Qd3 Bb6 21. f5 Bd8 22. f4 Bh4 23. Rd1 dxc4 24. Nxc4 Qxf5 25. Be4 Qh5 26. Bxh7 Bg3 27.
Rd2 b5 28. Nd6 Qh4 29. Nxe8 c5 30. Qd6+ Kf7 31. Qc7+ Qe7 32. Nd6+ Kf8 33. Qxe7+ Kxe7 34. hxg3 1-0

[Event "Kvibergspelen September 2019"]
[Site "Prioritet Serneke Arena, Krutvagen 2, Gothenburg, Sweden"]
[Date "2019.09.28"]
[Round "6.1"]
[White "Hector, Jonny"]
[Black "Carlsson, Ludvig"]
[Result "1-0"]
[TimeControl "15 minutes + 5 seconds per move from move one (Round 1 - 4) / 90 minutes + 30 seconds per move from move one (Round 5 - 8)"]
[WhiteTitle "GM"]
[BlackTitle "CM"]
[WhiteFideId "1700090"]
[BlackFideId "1727010"]
[WhiteElo "2477"]
[BlackElo "2066"]

1. e4 e6 2. d4 d5 3. Nc3 Bb4 4. a3 Bxc3+ 5. bxc3 dxe4 6. Qg4 Nf6 7. Qxg7 Rg8 8. Qh6 Bd7 9. Rb1 c5 10.
Rxb7 Nc6 11. dxc5 Rg6 12. Qd2 Rb8 13. Rxb8 Qxb8 14. Ne2 Ng4 15. Nf4 Rf6 16. Be2 e5 17. Bxg4 Bxg4 18. Nd5 Rg6 19.
Ne3 Be6 20. Qe2 Kf8 21. O-O Qd8 22. f3 Qh4 23. fxe4 Qxe4 24. Qd3 Qh4 25. Nf5 Bxf5 26. Qxf5 Qe7 27. Be3 Qe6 28. Qf3 Kg7 29.
Rd1 Qg4 30. Qxg4 Rxg4 31. Rd7 Rg6 32. Kf2 Kf6 33. Rc7 Kg7 34. Kf3 Re6 35. Ke4 a6 36. g4 Kf8 37. Rc8+ Kg7 38. h4 Rg6 39.
h5 Re6 40. h6+ Kg6 41. Rg8+ Kf6 42. Bg5# 1-0

[Event "Kvibergspelen September 2019"]
[Site "Prioritet Serneke Arena, Krutvagen 2, Gothenburg, Sweden"]
[Date "2019.09.28"]
[Round "6.2"]
[White "Bellon Lopez, Juan"]
[Black "Hillarp Persson, Tiger"]
[Result "0-1"]
[TimeControl "15 minutes + 5 seconds per move from move one (Round 1 - 4) / 90 minutes + 30 seconds per move from move one (Round 5 - 8)"]
[WhiteTitle "GM"]
[BlackTitle "GM"]
[WhiteFideId "2200031"]
[BlackFideId "1700812"]
[WhiteElo "2334"]
[BlackElo "2558"]

1. b3 e5 2. Bb2 d6 3. d4 e4 4. c4 d5 5. e3 c6 6. Qd2 f5 7. g3 Nf6 8. h4 Rg8 9. Ba3 Bxa3 10.
Nxa3 Qe7 11. Nb1 Be6 12. Nc3 Nbd7 13. cxd5 cxd5 14. Nh3 h6 15. Nf4 g5 16. hxg5 hxg5 17. Nxe6 Qxe6 18. Nb5 Qb6 19.
a4 a6 20. a5 axb5 21. axb6 Rxa1+ 22. Ke2 Kf7 23. Bg2 Rxh1 24. Bxh1 Ra8 25. Qc2 Nxb6 26. Bg2 Nc8 27. Kd2 Ne7 28. Bf1 b4 29. Be2 Nc6 30. Bd1 Rh8 31.
Qc5 Rh2 32. Ke1 Rh1+ 33. Kd2 f4 34. gxf4 gxf4 35. Qb6 f3 36. Qxb7+ Ne7 37. Qc7 Rg1 38. Qd6 Nf5 39. Qf4 Kg6 40. Qe5 Rg2 41. Ke1 Rxf2 42. Qb8 Rg2 0-1

[Event "Kvibergspelen September 2019"]
[Site "Prioritet Serneke Arena, Krutvagen 2, Gothenburg, Sweden"]
[Date "2019.09.28"]
[Round "6.3"]
[White "Blomqvist, Erik"]
[Black "Akesson, Ralf"]
[Result "1/2-1/2"]
[TimeControl "15 minutes + 5 seconds per move from move one (Round 1 - 4) / 90 minutes + 30 seconds per move from move one (Round 5 - 8)"]
[WhiteTitle "GM"]
[BlackTitle "GM"]
[WhiteFideId "1709437"]
[BlackFideId "1700120"]
[WhiteElo "2519"]
[BlackElo "2367"]

1. e4 c6 2. d4 d5 3. exd5 cxd5 4. Bd3 Nc6 5. c3 g6 6. h3 Bg7 7. Nf3 Nf6 8. O-O Bf5 9. Be2 O-O 10.
Bf4 Rc8 11. Nbd2 Re8 12. Ne5 a6 13. g4 Be6 14. Bd3 Nxe5 15. Bxe5 Qb6 16. Nb3 Bf8 17. a4 Nd7 18. a5 Qc6 19.
Bg3 f6 20. f4 Bf7 21. Rf2 e6 22. Qf1 Bd6 23. Re1 Qc7 1/2-1/2

[Event "Kvibergspelen September 2019"]
[Site "Prioritet Serneke Arena, Krutvagen 2, Gothenburg, Sweden"]
[Date "2019.09.28"]
[Round "6.4"]
[White "Sorensen, Hampus"]
[Black "Schandorff, Lars"]
[Result "1-0"]
[TimeControl "15 minutes + 5 seconds per move from move one (Round 1 - 4) / 90 minutes + 30 seconds per move from move one (Round 5 - 8)"]
[WhiteTitle "FM"]
[BlackTitle "GM"]
[WhiteFideId "8703884"]
[BlackFideId "1400070"]
[WhiteElo "2319"]
[BlackElo "2496"]

1. d4 Nf6 2. c4 e6 3. Nf3 d5 4. Bg5 Be7 5. e3 Nbd7 6. Qc2 h6 7. Bh4 O-O 8. Nc3 c5 9. cxd5 Nxd5 10.
Bxe7 Qxe7 11. Nxd5 exd5 12. Be2 b6 13. O-O Bb7 14. Rac1 Rfc8 15. Qf5 Nf6 16. Bd3 Rc7 17. Qf4 a5 18.
Ne5 Ba6 19. Bxa6 Rxa6 20. Rfd1 Qd6 21. Nd3 Qxf4 22. Nxf4 c4 23. a4 b5 24. axb5 Rb6 25. b3 Rxb5 26. bxc4 dxc4 27. f3 c3 28.
e4 c2 29. Rd3 Nd7 30. Kf2 Nb6 31. Rd2 Rb4 32. d5 Rbc4 33. Nd3 a4 34. Ne5 Rc3 35. Nc6 Kf8 36. Rdxc2 Rxc2+ 37. Rxc2 Rc8 38.
Rb2 Nd7 39. Rb7 Nc5 40. Ra7 Ke8 41. Ke3 1-0

[Event "Kvibergspelen September 2019"]
[Site "Prioritet Serneke Arena, Krutvagen 2, Gothenburg, Sweden"]
[Date "2019.09.28"]
[Round "6.6"]
[White "Wengholm, Anders"]
[Black "Seo, Jung Min"]
[Result "1/2-1/2"]
[TimeControl "15 minutes + 5 seconds per move from move one (Round 1 - 4) / 90 minutes + 30 seconds per move from move one (Round 5 - 8)"]
[BlackTitle "FM"]
[WhiteFideId "1704818"]
[BlackFideId "1734687"]
[WhiteElo "2218"]
[BlackElo "2437"]

1. c4 e5 2. Nc3 Nc6 3. Nf3 Nf6 4. e3 Bb4 5. Qc2 O-O 6. Nd5 Be7 7. Be2 h6 8. O-O d6 9. Nxe7+ Qxe7 10.
d3 Bf5 11. a3 a5 12. b3 Nd7 13. Bb2 Bg6 14. Nd2 f5 15. Nb1 Nd8 16. Nc3 c6 17. b4 Ne6 18. Qd2 f4 19. Bg4 f3 20. Ne4 fxg2 21. Kxg2 d5 22.
cxd5 cxd5 23. Ng3 axb4 24. axb4 Rae8 25. f4 exf4 26. exf4 Bh7 27. Bxe6+ Qxe6 28. Rae1 Qa6 29. Rxe8 Rxe8 30. f5 Nf6 31. Kh3 Qb5 32. Bxf6 gxf6 33. Qxh6 Qxd3 34. Rf4 Re4 35. Rxe4 dxe4 36. Qxf6 Qd5 37. Qg5+ Kf8 38. Qh6+ Kg8 39. Qg5+ 1/2-1/2

[Event "Kvibergspelen September 2019"]
[Site "Prioritet Serneke Arena, Krutvagen 2, Gothenburg, Sweden"]
[Date "2019.09.28"]
[Round "6.7"]
[White "Le, Quang Long"]
[Black "Ziegler, Ari"]
[Result "1/2-1/2"]
[TimeControl "15 minutes + 5 seconds per move from move one (Round 1 - 4) / 90 minutes + 30 seconds per move from move one (Round 5 - 8)"]
[WhiteTitle "IM"]
[BlackTitle "IM"]
[WhiteFideId "12401749"]
[BlackFideId "1700987"]
[WhiteElo "2415"]
[BlackElo "2299"]

1. c4 e5 2. g3 Nf6 3. Bg2 d5 4. cxd5 Nxd5 5. Nf3 Nc6 6. O-O Be7 7. d4 exd4 8. Nxd4 Nxd4 9. Qxd4 Nf6 10.
Qa4+ c6 11. Rd1 Qb6 12. Be3 Bc5 13. Bxc5 Qxc5 14. Nc3 O-O 15. Rac1 Qb6 16. Qc2 Re8 17. e3 Be6 18. Na4 Qc7 19.
Nc5 Bd5 20. e4 Be6 21. h3 h5 22. Rd3 Re7 23. Qd2 Rae8 24. f4 h4 25. g4 Bxa2 26. b3 b6 27. Na6 Qb7 28. Qxa2 Nxe4 29.
Rcd1 Ng3 30. Rd8 Ne2+ 31. Kh1 Nc3 32. Qa1 Nxd1 33. Rxd1 Re3 34. Nb4 Qb8 35. Rf1 c5 36. Nc6 Qd6 37.
Qxa7 Qd3 38. Ne5 Rxh3+ 39. Bxh3 Qxh3+ 40. Kg1 Qg3+ 41. Kh1 Qh3+ 1/2-1/2

[Event "Kvibergspelen September 2019"]
[Site "Prioritet Serneke Arena, Krutvagen 2, Gothenburg, Sweden"]
[Date "2019.09.28"]
[Round "6.8"]
[White "Andersson, Lars"]
[Black "Lindberg, Bengt"]
[Result "1-0"]
[TimeControl "15 minutes + 5 seconds per move from move one (Round 1 - 4) / 90 minutes + 30 seconds per move from move one (Round 5 - 8)"]
[BlackTitle "IM"]
[WhiteFideId "1706772"]
[BlackFideId "1700359"]
[WhiteElo "2029"]
[BlackElo "2397"]

1. d4 Nf6 2. Bf4 d6 3. e3 g6 4. Nf3 Bg7 5. Be2 b6 6. O-O Bb7 7. Nc3 O-O 8. Qd3 a6 9. Rad1 b5 10.
a3 Nbd7 11. e4 c5 12. d5 Rc8 13. Rfe1 b4 14. axb4 cxb4 15. Na4 Qc7 16. Rc1 Rfe8 17. c4 Qa5 18. b3 Ng4 19. h3 Nge5 20.
Nxe5 Nxe5 21. Qd2 Rc7 22. Be3 Nd7 23. Red1 Nc5 24. Nxc5 dxc5 25. f4 Rd8 26. e5 f6 27. e6 Bc8 28.
f5 gxf5 29. Qc2 f4 30. Bxf4 f5 31. Qxf5 Rf8 32. Qg4 Rf6 33. Bd3 Rb7 34. Be5 Qd8 35. Bxf6 exf6 36. Qf5 Qd6 37. Qxh7+ Kf8 38. Qf5 Re7 39. Be2 Ke8 40.
Bh5+ Kd8 41. Bg6 Kc7 42. Qh5 f5 43. Qxf5 Be5 44. h4 Bh2+ 45. Kh1 Bf4 46. Rb1 a5 47. Ra1 Be5 48. Rab1 a4 49.
bxa4 Ba6 50. Qd3 Kb7 51. Rf1 Bg3 52. Qe4 Kb6 53. Rf3 Be5 54. Rbf1 Bd4 55. Rf7 Bxc4 56. Rxe7 Bxf1 57. Rf7 Bc4 58.
e7 Bxd5 59. Qxd5 Qxg6 60. e8=Q Qb1+ 61. Kh2 Qg1+ 62. Kg3 1-0